 Dungeon Crawl Stone Soup version 0.28.0-53-g5a82cb258f (webtiles) character file.

Game seed: 2316623463840578907

9895 DocClef the Blocker (level 11, 0/89 HPs)
             Began as a Gnoll Fighter on June 28, 2022.
             Was a High Priest of Okawaru.
             Slain by an ice beast (8 damage)
             ... summoned by Fannar
             ... on level 10 of the Dungeon.
             The game lasted 00:20:39 (10384 turns).

DocClef the Blocker (Gnoll Fighter)                Turns: 10384, Time: 00:20:39

Health: 0/89       AC: 10    Str: 19    XL:     11   Next: 53%
Magic:  20/20      EV: 14    Int:  8    God:    Okawaru [*****.]
Gold:   289        SH: 13    Dex: 18    Spells: 22/22 levels left

rFire   . . .      SeeInvis .   b - +1 flail (protect)
rCold   . . .      Faith    .   A - +1 kite shield {AC+3}
rNeg    . . .      Spirit   .   q - +0 troll leather armour {Pargi}
rPois   .          Reflect  .   (no helmet)
rElec   .          Harm     .   H - scarf {repulsion}
rCorr   +          Rampage  .   (no gloves)
Will    .....                   r - +0 pair of boots
Stlth   +++.......              (no amulet)
HPRegen 1.04/turn               i - ring of resist corrosion
MPRegen 0.17/turn               s - +6 ring of dexterity

@: mighty, repel missiles
A: fangs 1, strong nose, distributed training
a: Renounce Religion, Heroism, Finesse, Duel


You were on level 10 of the Dungeon.
You worshipped Okawaru.
Okawaru was extremely pleased with you.
You visited 1 branch of the dungeon, and saw 10 of its levels.

You collected 503 gold pieces.
You spent 214 gold pieces at shops.

Inventory:

Hand Weapons
 b - a +1 flail of protection (weapon)
 l - the +6 dagger "Umeileyt" {vorpal, Str+4}
   (You found it on level 2 of the Dungeon)

   It inflicts extra damage upon your enemies.
   Str:       It affects your strength (+4).
 D - a +0 whip of electrocution
Missiles
 c - 2 throwing nets
 x - 6 curare-tipped darts (quivered)
 I - a javelin
Armour
 q - a +0 troll leather armour (worn) {Pargi}
 r - a +0 pair of boots (worn)
 A - a +1 kite shield of protection (worn)
 H - a scarf of repulsion (worn)
Jewellery
 i - a ring of resist corrosion (left hand)
 m - a +6 ring of strength
 s - a +6 ring of dexterity (right hand)
 w - a ring of flight
 B - a ring of ice
Wands
 v - a wand of flame (23)
 y - a wand of polymorph (30)
 E - a wand of paralysis (11)
 K - a wand of iceblast (3)
Scrolls
 e - 9 scrolls of identify {unknown}
 f - 3 scrolls of magic mapping {unknown}
 h - a scroll of silence {unknown}
 j - 5 scrolls of teleportation {unknown}
 k - a scroll of fog {unknown}
 n - a scroll of fear {unknown}
 o - 3 scrolls of amnesia {unknown}
 t - 2 scrolls of enchant weapon {unknown}
 z - 3 scrolls of blinking {unknown}
 L - 3 scrolls of noise {unknown}
Potions
 a - 2 potions of lignification {unknown}
 d - 3 potions of might
 g - 5 potions of curing
 p - a potion of magic {unknown}
 u - a potion of berserk rage {unknown}
 C - a potion of flight {unknown}
 F - a potion of attraction {unknown}
 G - 2 potions of haste {unknown}
 J - a potion of degeneration {unknown}


   Skills:
 + Level 9.2 Fighting
 + Level 6.4 Short Blades
 + Level 6.4 Long Blades
 + Level 6.4 Axes
 + Level 7.9 Maces & Flails
 + Level 6.4 Polearms
 + Level 6.4 Staves
 + Level 6.4 Slings
 + Level 6.4 Bows
 + Level 6.4 Crossbows
 + Level 6.4 Throwing
 + Level 9.2 Armour
 + Level 6.4 Dodging
 + Level 6.4 Stealth
 + Level 9.2 Shields
 + Level 6.4 Unarmed Combat
 + Level 6.4 Spellcasting
 + Level 5.3 Conjurations
 + Level 5.3 Hexes
 + Level 5.3 Summonings
 + Level 5.3 Necromancy
 + Level 5.3 Translocations
 + Level 5.3 Transmutations
 + Level 5.3 Fire Magic
 + Level 5.3 Ice Magic
 + Level 5.3 Air Magic
 + Level 5.3 Earth Magic
 + Level 5.3 Poison Magic
 + Level 7.0 Invocations
 + Level 6.4 Evocations


You had 22 spell levels left.
You didn't know any spells.
Your spell library contained the following spells:

 Spells                   Type           Power      Damage    Failure   Level
 Apportation              Tloc           22%        N/A       7%          1
 Magic Dart               Conj           44%        1d5       7%          1
 Pain                     Necr           44%        1d6       7%          1
 Slow                     Hex            44%        N/A       7%          1
 Ensorcelled Hibernation  Hex/Ice        22%        N/A       11%         2
 Passwall                 Tmut/Erth      9%         N/A       11%         2
 Searing Ray              Conj           22%        2d5       11%         2
 Ignite Poison            Fire/Tmut/Pois 11%        N/A       22%         3
 Mephitic Cloud           Conj/Pois/Air  11%        N/A       22%         3
 Swiftness                Air            11%        N/A       22%         3
 Vampiric Draining        Necr           11%        2d6       22%         3
 Fulminant Prism          Conj/Hex       5%         3d7       56%         4
 Alistair's Intoxication  Tmut/Pois      7%         N/A       89%         5
 Freezing Cloud           Conj/Ice/Air   5%         6-21      89%         5
 Borgnjor's Revivificati  Necr           5%         N/A       100%        8
 Necromutation            Tmut/Necr      5%         N/A       100%        8
 Death's Door             Necr           5%         N/A       100%        9
 Polar Vortex             Ice            5%         N/A       100%        9
 Animate Skeleton         Necr           Unusable   N/A       N/A         1
 Simulacrum               Ice/Necr       Unusable   N/A       N/A         6

Dungeon Overview and Level Annotations

Branches:
Dungeon (10/15)            Temple (0/1) D:4            Lair (0/6) D:9
    Orc: D:9-12

Altars:
Cheibriados
Fedhas
Gozag
Kikubaaqudgha
Nemelex Xobeh
Okawaru
Qazlal
Sif Muna
Trog
Uskayaw
Xom
Yredelemnul
The Shining One

Shops:
D:1 *   D:2 [   D:5 =   D:6 [   D:8 !==   D:9 (

Annotations:
D:7 2 transporters, MiltankisOP's ghost, novice DrEE
D:8 2 runed translucent doors
D:10 Fannar


Innate Abilities, Weirdness & Mutations

You have very sharp teeth.
Your uncanny sense of smell can sniff out nearby items.
Your experience applies equally to all skills.


Message History

Aiming: Paralyse
Press: ? - help, Shift-Dir - straight line, f - Fannar
Aim: Fannar, wielding a +0 quarterstaff of freezing, wearing a +2 robe of cold resistance and wearing a ring of ice (almost dead, chance to affect: 16%) Fannar resists with almost no effort.
The ice beast hits you but does no damage.
You block the ice beast's attack.
Fannar hits you with a +0 quarterstaff of freezing.
* * * LOW HITPOINT WARNING * * *
Fannar freezes you.
* * * LOW HITPOINT WARNING * * *
You hit Fannar. Your bite misses Fannar.
Fannar is almost dead.
The ice beast barely misses you. You block the ice beast's attack.
Some snowflakes condense on Fannar.
Fannar hits you with a +0 quarterstaff of freezing.
* * * LOW HITPOINT WARNING * * *
Fannar freezes you.
* * * LOW HITPOINT WARNING * * *
You feel very mighty all of a sudden.
The ice beast hits you but does no damage.
You block the ice beast's attack. Fannar hits you but does no damage.
You closely miss Fannar.
Fannar is almost dead.
You block the ice beast's attack. The ice beast closely misses you.
Fannar hits you but does no damage.
Unknown command.
You barely miss Fannar.
Fannar is almost dead.
You block the ice beast's attack.
The ice beast hits you but does no damage.
Fannar hits you with a +0 quarterstaff of freezing.
* * * LOW HITPOINT WARNING * * *
Fannar freezes you.
* * * LOW HITPOINT WARNING * * *
You closely miss Fannar.
Fannar is almost dead.
The ice beast hits you.
* * * LOW HITPOINT WARNING * * *
The ice beast freezes you!
You die...

#...##+##.####.###.##.#+###
#...#...#.............#
#####..##.#e######.###...##
.......#.###Y#.......+...+
Y...Y.##Y# #.#####..##...#
####.##.## ##.# ##.##...#
#Y##Y# #Y## #.##..)# #.#.##
##.####.##.### #.#e#
#.#@Y..(#.# #...#
#.eY###.#.# ##### #####
#...# ##..# #..# ##.#
#.########## #>..........
############


You could see Fannar and 2 ice beasts.

Vanquished Creatures
  Harold (D:7)
  A two-headed ogre (D:9)
  Nergalle (D:9)
  Pikel (D:7)
  A deep elf zephyrmancer (D:6)
  Joseph (D:8)
  A gargoyle (D:10)
  A troll (D:10)
  A hornet (D:8)
  Prince Ribbit (D:5)
  Sigmund (D:2)
  5 yaks
  Eustachio (D:4)
  Grum (D:8)
  Menkaure (D:4)
  A water moccasin (D:6)
  Pargi (D:4)
  5 orc warriors
  A black bear (D:7)
  An ice beast (D:6)
  A hornet zombie (D:7)
  5 ogres
  6 necrophages
  4 wolves (D:8)
  6 centaurs
  2 lemures (D:7)
  2 kobold brigands
  A bullfrog (D:9)
  A gnoll sergeant (D:9)
  2 scorpions (D:5)
  A water moccasin zombie (D:7)
  A water moccasin skeleton (D:5)
  A vampire bat (D:3)
  4 wights
  6 electric eels
  3 centaur zombies
  7 hounds
  A human zombie (D:7)
  5 jellies
  3 orc priests
  2 bullfrog skeletons
  Ijyb (D:5)
  Jessica (D:2)
  4 iguanas
  An orc wizard (D:9)
  3 killer bee zombies
  A mummy (D:7)
  4 gnolls
  5 adders
  A shadow imp (D:6)
  A white imp (D:5)
  2 ufetubi
  3 worms (D:2)
  A dart slug (D:2)
  3 fire bats (D:3)
  42 orcs
  2 spectral bats (D:3)
  12 bats
  3 bat skeletons (D:3)
  A bat zombie (D:3)
  5 endoplasms
  3 giant cockroaches
  6 goblins
  2 hobgoblins
  3 jackals (D:1)
  4 quokkas
  6 ball pythons
  A bat simulacrum (D:3)
  3 frilled lizards
  A jackal skeleton (D:4)
  14 kobolds
  10 rats
241 creatures vanquished.

Vanquished Creatures (others)
  A human (D:6)
  An orc (D:9)
2 creatures vanquished.

Grand Total: 243 creatures vanquished

Notes
Turn   | Place    | Note
-------+----------+-------------------------------------------
     0 | D:1      | DocClef the Gnoll Fighter began the quest for the Orb.
     0 | D:1      | Reached XP level 1. HP: 23/23 MP: 1/1
   103 | D:1      | Reached XP level 2. HP: 25/29 MP: 2/2
   230 | D:1      | Found Zif Runu's Assorted Antiques.
   484 | D:1      | Reached XP level 3. HP: 35/35 MP: 3/3
   771 | D:1      | Found a faded altar of an unknown god.
   785 | D:1      | Got Plato's Reference Book on Hexes
  1023 | D:2      | Noticed Jessica
  1027 | D:2      | Killed Jessica
  1028 | D:2      | Reached skill level 1 in Short Blades
  1028 | D:2      | Reached skill level 1 in Long Blades
  1028 | D:2      | Reached skill level 1 in Axes
  1028 | D:2      | Reached skill level 1 in Polearms
  1028 | D:2      | Reached skill level 1 in Staves
  1028 | D:2      | Reached skill level 1 in Slings
  1028 | D:2      | Reached skill level 1 in Bows
  1028 | D:2      | Reached skill level 1 in Crossbows
  1028 | D:2      | Reached skill level 1 in Throwing
  1028 | D:2      | Reached skill level 1 in Dodging
  1028 | D:2      | Reached skill level 1 in Stealth
  1028 | D:2      | Reached skill level 1 in Unarmed Combat
  1028 | D:2      | Reached skill level 1 in Spellcasting
  1028 | D:2      | Reached skill level 1 in Invocations
  1028 | D:2      | Reached skill level 1 in Evocations
  1028 | D:2      | Reached XP level 4. HP: 37/41 MP: 3/5
  1035 | D:2      | Noticed Sigmund
  1204 | D:2      | Killed Sigmund
  1205 | D:2      | Reached skill level 1 in Conjurations
  1205 | D:2      | Reached skill level 1 in Hexes
  1205 | D:2      | Reached skill level 1 in Summonings
  1205 | D:2      | Reached skill level 1 in Necromancy
  1205 | D:2      | Reached skill level 1 in Translocations
  1205 | D:2      | Reached skill level 1 in Transmutations
  1205 | D:2      | Reached skill level 1 in Fire Magic
  1205 | D:2      | Reached skill level 1 in Ice Magic
  1205 | D:2      | Reached skill level 1 in Air Magic
  1205 | D:2      | Reached skill level 1 in Earth Magic
  1205 | D:2      | Reached skill level 1 in Poison Magic
  1205 | D:2      | Reached XP level 5. HP: 17/47 MP: 5/7
  1419 | D:2      | Reached XP level 6. HP: 53/53 MP: 8/8
  1547 | D:2      | Found Jekhocs's Antique Armour Boutique.
  1605 | D:2      | Found an iron altar of Okawaru.
  1635 | D:2      | Became a worshipper of Warmaster Okawaru
  1834 | D:2      | Identified the +6 dagger "Umeileyt" {vorpal, Str+4}
  2266 | D:3      | Reached skill level 5 in Maces & Flails
  2588 | D:4      | Reached XP level 7. HP: 59/59 MP: 10/10
  2652 | D:4      | Noticed Eustachio
  2669 | D:4      | Killed Eustachio
  2669 | D:4      | Reached * piety under Okawaru
  3335 | D:4      | Found a snail-covered altar of Cheibriados.
  3554 | D:4      | Found a staircase to the Ecumenical Temple.
  3637 | D:4      | Noticed Menkaure
  3647 | D:4      | Killed Menkaure
  3648 | D:4      | Reached XP level 8. HP: 36/67 MP: 12/12
  3880 | D:4      | Found a sparkling altar of Nemelex Xobeh.
  3904 | D:4      | Noticed Pargi
  3924 | D:4      | Killed Pargi
  4126 | D:5      | Entered Level 5 of the Dungeon
  4217 | D:5      | Noticed Prince Ribbit
  4225 | D:5      | Killed Prince Ribbit
  4225 | D:5      | Reached ** piety under Okawaru
  4388 | D:5      | Reached XP level 9. HP: 25/72 MP: 14/14
  4544 | D:5      | Found Biveceu's Jewellery Shoppe.
  4618 | D:5      | Found a blossoming altar of Fedhas.
  4858 | D:5      | Noticed Ijyb
  4875 | D:5      | Killed Ijyb
  5241 | D:6      | Found an ancient bone altar of Kikubaaqudgha.
  5347 | D:6      | Found Ympe's Armour Boutique.
  5437 | D:6      | Noticed a deep elf zephyrmancer
  5446 | D:6      | Killed a deep elf zephyrmancer
  5446 | D:6      | Reached *** piety under Okawaru
  5447 | D:6      | Reached skill level 5 in Invocations
  5696 | D:6      | Reached XP level 10. HP: 58/80 MP: 17/17
  5873 | D:6      | Bought a +1 kite shield of protection for 214 gold pieces
  6193 | D:7      | Noticed Pikel
  6234 | D:7      | Killed Pikel
  6234 | D:7      | Reached **** piety under Okawaru
  6235 | D:7      | Reached skill level 5 in Short Blades
  6235 | D:7      | Reached skill level 5 in Long Blades
  6235 | D:7      | Reached skill level 5 in Axes
  6235 | D:7      | Reached skill level 5 in Polearms
  6235 | D:7      | Reached skill level 5 in Staves
  6235 | D:7      | Reached skill level 5 in Slings
  6235 | D:7      | Reached skill level 5 in Bows
  6235 | D:7      | Reached skill level 5 in Crossbows
  6235 | D:7      | Reached skill level 5 in Throwing
  6235 | D:7      | Reached skill level 5 in Dodging
  6235 | D:7      | Reached skill level 5 in Stealth
  6235 | D:7      | Reached skill level 5 in Unarmed Combat
  6235 | D:7      | Reached skill level 5 in Spellcasting
  6235 | D:7      | Reached skill level 5 in Evocations
  6251 | D:7      | Found a transporter.
  6256 | D:7      | Noticed MiltankisOP's ghost (novice DrEE)
  6257 | D:7      | Found a bloodstained altar of Trog.
  6263 | D:7      | Found a transporter.
  6660 | D:7      | Found a basalt altar of Yredelemnul.
  6705 | D:7      | Received a gift from Okawaru
  6963 | D:7      | Noticed a moth of wrath
  7087 | D:8      | Found Qiumidoh's Jewellery Emporium.
  7178 | D:8      | Found a shimmering altar of Xom.
  7361 | D:8      | Noticed Grum
  7404 | D:8      | Killed Grum
  7471 | D:8      | Found a shimmering blue altar of Sif Muna.
  7475 | D:8      | Noticed Joseph
  7479 | D:8      | Noticed a two-headed ogre
  7518 | D:9      | Killed a two-headed ogre
  7518 | D:9      | Reached ***** piety under Okawaru
  7538 | D:8      | Killed Joseph
  7563 | D:8      | Found Sove's Jewellery Emporium.
  7620 | D:8      | Noticed Harold
  7684 | D:7      | Killed Harold
  7685 | D:7      | Reached XP level 11. HP: 57/87 MP: 12/19
  8032 | D:8      | Found a runed translucent door.
  8040 | D:8      | Found a runed translucent door.
  8210 | D:8      | Found an opulent altar of Gozag.
  8216 | D:8      | Received a gift from Okawaru
  8217 | D:8      | Reached skill level 5 in Conjurations
  8217 | D:8      | Reached skill level 5 in Hexes
  8217 | D:8      | Reached skill level 5 in Summonings
  8217 | D:8      | Reached skill level 5 in Necromancy
  8217 | D:8      | Reached skill level 5 in Translocations
  8217 | D:8      | Reached skill level 5 in Transmutations
  8217 | D:8      | Reached skill level 5 in Fire Magic
  8217 | D:8      | Reached skill level 5 in Ice Magic
  8217 | D:8      | Reached skill level 5 in Air Magic
  8217 | D:8      | Reached skill level 5 in Earth Magic
  8217 | D:8      | Reached skill level 5 in Poison Magic
  8266 | D:8      | Found Sageta's Distillery.
  8379 | D:8      | Found a hide-covered altar of Uskayaw.
  9020 | D:9      | Found a staircase to the Lair.
  9021 | D:9      | Found Oclopt's Firing Range.
  9536 | D:9      | Found a glowing golden altar of the Shining One.
  9831 | D:9      | Found a stormy altar of Qazlal.
  9870 | D:10     | Entered Level 10 of the Dungeon
  9870 | D:10     | Noticed Nergalle
 10032 | D:9      | Killed Nergalle
 10032 | D:9      | Received a gift from Okawaru
 10206 | D:10     | Noticed Fannar
 10384 | D:10     | Slain by an ice beast

Illustrated notes

Levels and vault maps discovered:
D:1:      heliophobic_arrival_enchanted_forest, layout_loops_corners,
          shapermc_ecumenical_altar_rom_forum, serial_shops,
          nicolae_shop_window_shopping
D:2:      layout_rooms, serial_shops, nicolae_square_shop, basic_altar,
          uniq_jessica, uniq_sigmund
D:3:      layout_basic, goddamned_bats
D:4:      layout_loops_corners, mainiacjoe_overflow_alcove_1, marbit_many_paths,
          minmay_temple_entry_mini_moons, dk_noncrumbling_3, uniq_eustachio,
          uniq_pargi, uniq_menkaure
D:5:      layout_loops_ring, fedhas_altar_fruit_tree, serial_shops,
          nicolae_shop_advertising_works [nicolae_subvault_shop_adworks],
          hex_medium, uniq_prince_ribbit1, uniq_ijyb
D:6:      layout_loops_cross, tgw_kikubaaqudgha, serial_shops,
          kennysheep_little_box, guppyfry_early_elven_hall
D:7:      mumra_celtic_spiral_tile, layout_basic,
          lemuel_mausoleum_altar_yredelemnul, gammafunk_ghost_wrathful_warriors,
          uniq_pikel
D:8:      lemuel_insect_pit, layout_cave_pools, nicolae_gozag_seed_capital,
          mainiacjoe_overflow_cross_hatched, mainiacjoe_overflow_swirl,
          special_room [special_room_orc], serial_shops, shop,
          nicolae_inconvenience_store, shop, lightli_orcish_oven, uniq_harold,
          uniq_grum, uniq_joseph
D:9:      layout_big_octagon, nicolae_qazlal_eye_of_the_storm,
          mainiacjoe_overflow_six_doors_small, minivault_25_ag,
          nicolae_shop_firing_range
D:10:     layout_basic, makhleb_altar_promises_db, orc_0_dummy, serial_shops,
          shop, grunt_decor_clamped, uniq_nergalle, uniq_fannar

Skill      XL: |  1  2  3  4  5  6  7  8  9 10 11 |
---------------+----------------------------------+-----
Short Blades   | 1 2 3 4 5 6 |  6.4
Long Blades    | 1 2 3 4 5 6 |  6.4
Axes           | 1 2 3 4 5 6 |  6.4
Polearms       | 1 2 3 4 5 6 |  6.4
Staves         | 1 2 3 4 5 6 |  6.4
Slings         | 1 2 3 4 5 6 |  6.4
Bows           | 1 2 3 4 5 6 |  6.4
Crossbows      | 1 2 3 4 5 6 |  6.4
Throwing       | 1 2 3 4 5 6 |  6.4
Dodging        | 1 2 3 4 5 6 |  6.4
Stealth        | 1 2 3 4 5 6 |  6.4
Unarmed Combat | 1 2 3 4 5 6 |  6.4
Spellcasting   | 1 2 3 4 5 6 |  6.4
Invocations    | 1 2 3 4 5 6 7 |  7.0
Evocations     | 1 2 3 4 5 6 |  6.4
Conjurations   | 1 2 3 4 5 |  5.3
Hexes          | 1 2 3 4 5 |  5.3
Summonings     | 1 2 3 4 5 |  5.3
Necromancy     | 1 2 3 4 5 |  5.3
Translocations | 1 2 3 4 5 |  5.3
Transmutations | 1 2 3 4 5 |  5.3
Fire Magic     | 1 2 3 4 5 |  5.3
Ice Magic      | 1 2 3 4 5 |  5.3
Air Magic      | 1 2 3 4 5 |  5.3
Earth Magic    | 1 2 3 4 5 |  5.3
Poison Magic   | 1 2 3 4 5 |  5.3
Maces & Flails | 5 6 7 |  7.9
Fighting       | 7 8 9 |  9.2
Armour         | 7 8 9 |  9.2
Shields        | 7 8 9 |  9.2

Action                   |  1- 3 |  4- 6 |  7- 9 | 10-12 || total
-------------------------+-------+-------+-------+-------++-------
Melee: Flail             |    59 |    58 |       |   113 ||   230
       Bite              |     4 |    12 |    47 |   106 ||   169
       Dagger            |       |    80 |   322 |    40 ||   442
       Whip              |       |       |       |   637 ||   637
Invok: Heroism           |       |       |     1 |     4 ||     5
       Finesse           |       |       |       |     2 ||     2
Evoke: Wand              |       |       |       |     1 ||     1
  Use: Potion            |       |       |       |     3 ||     3
 Stab: Sleeping          |       |       |     2 |     7 ||     9
Armor: Scale mail        |    27 |    78 |    24 |       ||   129
       Troll leather arm |       |       |    39 |   158 ||   197
Dodge: Dodged            |    32 |    63 |   152 |   299 ||   546
       Repelled          |       |       |       |     8 ||     8
Block: Buckler           |    12 |    40 |    65 |       ||   117
       Kite shield       |       |       |       |   505 ||   505
